 Dungeon Crawl Stone Soup version 0.18-a0-1692-g516f9e9 (webtiles) character file.

21 4thArraOfDagon the Skirmisher (level 2, -4/24 HPs)
             Began as a Mummy Chaos Knight on Apr 5, 2016.
             Slain by an ogre
             ... wielding a +0 giant club
              (27 damage)
             ... on level 4 of the Dungeon.
             The game lasted 00:01:26 (371 turns).

4thArraOfDagon the Skirmisher (Mummy Chaos Knight)   Turns: 371, Time: 00:01:26

Health: -4/24      AC:  5    Str: 15    XL:     2   Next: 62%
Magic:  2/2        EV: 16    Int: 11    God:    Xom [..*...]
Gold:   24         SH:  0    Dex: 16    Spells: 0 memorised, 1 level left

rFire  x . .     SeeInvis .     c - +1 short sword (venom)
rCold  + . .     Gourm    .     b - +2 leather armour
rNeg   + + +     Faith    .     (no shield)
rPois  ∞         Spirit   .     (no helmet)
rElec  .         Dismiss  .     (no cloak)
rCorr  .         Reflect  .     (no gloves)
SustAt .         Harm     .     (no boots)
MR     .....                    (no amulet)
Stlth  ++........               (no ring)
                                (no ring)

@: agile, not resistant to hostile enchantments, unstealthy
A: no food or potions, fire vulnerability, cold resistance 1, negative energy
resistance 3, torment resistance, unbreathing
a: Renounce Religion


You were on level 4 of the Dungeon.
You worshipped Xom.
You were a toy of Xom.
You were not hungry.

You visited 1 branch of the dungeon, and saw 4 of its levels.

You collected 24 gold pieces.

Inventory:

Hand Weapons
 a - a +0 hand axe of chaos
 c - a +1 short sword of venom (weapon)
Missiles
 g - a throwing net (quivered)
Armour
 b - a +2 leather armour (worn)
Jewellery
 h - an uncursed ring of flight {unknown}
Scrolls
 d - a scroll of immolation {unknown}
 e - a scroll of identify {unknown}
 f - a scroll of recharging {unknown}


   Skills:
 + Level 3.2 Fighting
 * Level 2.9 Axes
 + Level 1.9 Armour
 - Level 0.7 Dodging


You had one spell level left.
You didn't know any spells.

Dungeon Overview and Level Annotations

Branches:
Dungeon (4/15)
 Temple: D:4-7

Altars:


Innate Abilities, Weirdness & Mutations

You do not eat or drink.
Your flesh is vulnerable to fire.
You are immune to poison.
Your flesh is cold resistant.
You are immune to negative energy.
You are immune to unholy pain and torment.
You can survive without breathing.


Message History

There is an open door here.
Xom almost notices you.
You feel off-balance for a moment.
There is an open door here.
There is an open door here. "Go forth and destroy!"
You feel agile all of a sudden.
There is an open door here.
Xom's attention almost turns to you for a moment.
You feel a strange surge of energy!
There is an open door here.
Wield which item (- for none, * to show all)? (? for menu, Esc to quit)
It begins to drip with poison!
c - a +1 short sword of venom (weapon)
You hit the ogre.
The ogre is poisoned.
The ogre is lightly wounded.
The ogre hits you with a giant club!!
Ouch! That really hurt!
You die...
Xom guffaws!

#.. #.#.......#
# ..
##.#.......# #
.. .(#.......##
# ##.
#.#.......... #
...#.#.!........
#
#.#............
#...##...#.....
##..##...#...$.
#..@O...+ ....
#..##...# ).%.
#..##...#
#.>##...#
#########


You could see an ogre.

Vanquished Creatures
  An ooze (D:2)
  An orc (D:4)
  2 bats (D:1)
  A giant cockroach (D:3)
  3 goblins
  2 quokkas
  A giant newt (D:2)
  2 kobolds (D:1)
13 creatures vanquished.

Notes
Turn   | Place    | Note
--------------------------------------------------------------
     0 | D:1      | 4thArraOfDagon the Mummy Chaos Knight began the quest for the Orb.
     0 | D:1      | Reached XP level 1. HP: 18/18 MP: 1/1
    87 | D:2      | Reached XP level 2. HP: 17/24 MP: 2/2
   318 | D:4      | Noticed an ogre
   344 | D:4      | XOM: harmless Hex miscast
   356 | D:4      | XOM: potion effect (agility)
   364 | D:4      | XOM: harmless Divn miscast
   371 | D:4      | Slain by an ogre

Vault maps used:
D:1:      dpeg_arrival_pond, serial_bayou, serial_bayou_ford_a,
          serial_bayou_lagoon_a, serial_bayou_shore_b, serial_bayou_pond_b,
          feat_on_display
D:2:      minmay_overflow_temple_star_hex, lemuel_coloured_pillars_altar,
          minmay_misc_feat_hallway, uniq_robin, uniq_sigmund
D:4:      lemuel_round_altar, serial_shops, shop_fountains, uniq_blork_the_orc

Action                   || total
-------------------------++-------
Melee: Hand axe          ||    16
       Short sword       ||    13
 Stab: Confused          ||     1
